 Dungeon Crawl Stone Soup version 0.17.1-2-g5865329 (webtiles) character file.

655 Pepeogr the Shield-Bearer (level 7, -7/44 HPs)
             Began as a Gargoyle Fighter on Feb 13, 2016.
             Was an Initiate of Zin.
             Killed by divine providence
             ... invoked by an orc priest
              (13 damage)
             ... on level 6 of the Dungeon.
             The game lasted 00:19:27 (2044 turns).

Pepeogr the Shield-Bearer (Gargoyle Fighter)        Turns: 2044, Time: 00:19:27

Health: -7/44      AC: 13    Str: 22    XL:     7   Next: 54%
Magic:  7/7        EV:  8    Int:  8    God:    Zin [......]
Gold:   55         SH: 10    Dex:  9    Spells: 0 memorised, 6 levels left

rFire  . . .     SeeInvis .     a - +0 flail
rCold  . . .     Clarity  .     b - +0 scale mail
rNeg   + . .     SustAt   .     c - +0 shield
rPois  ∞         Gourm    .     e - +0 helmet
rElec  +         Spirit   .     (no cloak)
rCorr  .         Warding  .     (no gloves)
rMut   .         Stasis   .     (no boots)
MR     .....                    (no amulet)
Stlth  ..........               (no ring)
                                (no ring)

@: not resistant to hostile enchantments, extremely unstealthy
A: negative energy resistance 1, electricity resistance, unbreathing,
petrification resistance, rot immunity, AC +4
a: Donate Gold, Renounce Religion


You were on level 6 of the Dungeon.
You worshipped Zin.
Zin was noncommittal.
You were not hungry.

You visited 1 branch of the dungeon, and saw 5 of its levels.

You collected 61 gold pieces.
You donated 6 gold pieces to Zin.

Inventory:

Hand Weapons
 a - a +0 flail (weapon)
 r - a +0 falchion
Armour
 b - a +0 scale mail (worn)
 c - a +0 shield (worn)
 e - a +0 helmet (worn)
Wands
 m - a wand of heal wounds (6)
Scrolls
 f - 3 scrolls of identify {unknown}
 g - 3 scrolls of magic mapping {unknown}
 i - a scroll of teleportation {unknown}
 l - a scroll of enchant weapon {unknown}
 n - a scroll of remove curse {unknown}
 o - a scroll of noise {unknown}
 p - a scroll of fog {unknown}
Potions
 d - 2 potions of might
 h - a potion of cancellation {unknown}
 k - a potion of magic {unknown}
 q - a potion of heal wounds {unknown}
Comestibles
 j - a meat ration


   Skills:
 + Level 4.8 Fighting
 * Level 4.5 Maces & Flails
 + Level 4.7 Armour
 - Level 0.1 Dodging
 + Level 0.2 Stealth
 * Level 6.4 Shields


You had 6 spell levels left.
You didn't know any spells.

Dungeon Overview and Level Annotations

Branches:
Dungeon (6/15)
 Temple: D:4-7

Altars:
Dithmenos
Makhleb
Zin

Annotations:
D:2 Sigmund


Innate Abilities, Weirdness & Mutations

You are resistant to torment.
Your stone body is resilient (AC +4).
You are immune to poison.
You resist negative energy.
You are resistant to electric shocks.
You can survive without breathing.
You are immune to petrification.
You are immune to rotting.


Message History

The black bear barely misses you.
You hit the black bear.
The black bear is almost dead.
You block the orc priest's attack. You block the black bear's attack.
You block the black bear's attack.
The black bear claws you but does no damage.
You hit the black bear.
The black bear is almost dead.
The orc priest hits you but does no damage.
The black bear goes berserk!
You sock the black bear!
You kill the black bear!
The orc priest hits you but does no damage.
The orc throws a tomahawk.
You block the tomahawk. The orc priest hits you with a dagger.
* * * LOW HITPOINT WARNING * * *
You closely miss the orc. The orc hits you but does no damage.
The orc priest invokes the aid of Beogh against you.
Something smites you!
You die...

# #.#######
#....oo@#
#.$...#o#
##.##.#$###o###
# #.$..o.....
###.###.###
#.####.#
#.....<#
########


You could see an orc priest and 2 orcs.

Vanquished Creatures
  A centaur (D:5)
  A black bear (D:6)
  An ice beast (D:5)
  A big kobold (D:4)
  A giant frog zombie (D:5)
  2 hounds (D:5)
  An orc wizard (D:4)
  A centaur skeleton (D:5)
  3 worker ants
  2 adders (D:2)
  An ooze (D:1)
  2 worms
  11 orcs
  A ball python (D:5)
  4 bats
  4 hobgoblins
  12 jackals
  2 quokkas
  5 giant newts
  3 goblins (D:1)
  3 kobolds
  A quokka skeleton (D:4)
  9 rats
72 creatures vanquished.

Notes
Turn   | Place    | Note
--------------------------------------------------------------
     0 | D:1      | Pepeogr the Gargoyle Fighter began the quest for the Orb.
     0 | D:1      | Reached XP level 1. HP: 14/14 MP: 1/1
   135 | D:1      | Reached XP level 2. HP: 16/19 MP: 2/2
   505 | D:1      | Reached XP level 3. HP: 22/24 MP: 3/3
   579 | D:2      | Reached skill level 4 in Shields
   703 | D:2      | Found a faded altar to an unknown god.
   895 | D:2      | Noticed Sigmund
   909 | D:2      | You fall through a shaft for 2 floors!
   938 | D:4      | Noticed a big kobold
   956 | D:4      | Killed a big kobold
   956 | D:4      | Reached XP level 4. HP: 24/29 MP: 4/4
   956 | D:4      | Reached XP level 5. HP: 27/33 MP: 5/5
  1116 | D:4      | Found a burning altar of Makhleb.
  1116 | D:4      | Found a shadowy altar of Dithmenos.
  1318 | D:4      | Found a glowing silver altar of Zin.
  1328 | D:4      | Became a worshipper of Zin the Law-Giver
  1418 | D:4      | Reached skill level 5 in Shields
  1479 | D:5      | Entered Level 5 of the Dungeon
  1489 | D:5      | Reached XP level 6. HP: 33/38 MP: 6/6
  1505 | D:5      | Found a burning altar of Makhleb.
  1510 | D:5      | Noticed a centaur
  1510 | D:5      | Noticed an ice beast
  1537 | D:5      | Killed an ice beast
  1795 | D:5      | Killed a centaur
  1795 | D:5      | Reached XP level 7. HP: 30/44 MP: 7/7
  1812 | D:5      | Reached skill level 6 in Shields
  2044 | D:6      | Killed from afar by an orc priest

Action                   |  1- 3 |  4- 6 |  7- 9 || total
-------------------------+-------+-------+-------++-------
Melee: Flail             |   137 |   117 |    55 ||   309
  Eat: Bread ration      |       |     1 |       ||     1
